 Dungeon Crawl Stone Soup version 0.21-a0-471-gd587bd5 (webtiles) character file.

18601 theanonym the Cleaver (level 12, 91/91 HPs)
             Began as a Demonspawn Fighter on Nov 21, 2017.
             Was an Elder of Hepliaklqana.
             Quit the game on level 4 of the Lair of Beasts.
             The game lasted 00:29:19 (15537 turns).

theanonym the Cleaver (Demonspawn Fighter)         Turns: 15537, Time: 00:29:20

Health: 91/91      AC: 14    Str: 21    XL:     12   Next: 29%
Magic:  16/16      EV:  3    Int:  9    God:    Hepliaklqana [****..]
Gold:   1304       SH: 10    Dex: 14    Spells: 11/11 levels left

rFire    . . .     SeeInvis +   a - +1 war axe
rCold    . . .     Gourm    .   G - +1 shield
rNeg     + . .     Faith    .   H - +1 plate armour {rN+}
rPois    .         Spirit   +   (helmet restricted)
rElec    .         Reflect  .   D - +0 cloak
rCorr    .         Harm     .   w - +0 pair of gloves
MR       .....                  (boots unavailable)
Stlth    ..........             (no amulet)
HPRegen  0.25/turn              y - ring of loudness {Stlth-}
MPRegen  0.30/turn              E - ring of see invisible {sInv}

@: no status effects
A: reduced essence, claws 1, hooves 3, horns 2, demonic guardian 1, magic
shield, magic regeneration
a: Recall Ancestor, Ancestor Identity, Transference, Idealise, Renounce Religion


Innate Abilities, Weirdness & Mutations

You have sharp fingernails.
You have hooves in place of feet.
You have a pair of horns on your head.
A weak demonic guardian rushes to your aid.
When hurt, damage is shared between your health and your magic reserves.
You regenerate magic rapidly.
Your life essence is reduced to manifest your ancestor. (-10% HP)


   Skills:
 + Level 11.8 Fighting
 * Level 14.3 Axes
 - Level 2.6 Armour
 - Level 2.6 Shields
 + Level 6.4 Invocations


You had 11 spell levels left.
You didn't know any spells.

Skill      XL: |  1  2  3  4  5  6  7  8  9 10 11 12 |
---------------+-------------------------------------+-----
Axes           | 2 3 4 5 7 9 10 12 13 14 | 14.3
Fighting       | 4 6 7 9 10 11 | 11.8
Invocations    | 5 6 |  6.4
Armour         | |  2.6
Shields        | |  2.6

Action                   |  1- 3 |  4- 6 |  7- 9 | 10-12 || total
-------------------------+-------+-------+-------+-------++-------
Melee: War axe           |   125 |   153 |   274 |   360 ||   912
       Headbutt          |     6 |    19 |    45 |    85 ||   155
       Kick              |       |    23 |    90 |   121 ||   234
Throw: Javelin           |       |       |       |    10 ||    10
Invok: Ancestor Identity |       |       |     1 |       ||     1
       Recall Ancestor   |       |       |     1 |     5 ||     6
       Ancestor Life: Kn |       |       |     1 |       ||     1
       Transference      |       |       |       |     1 ||     1
Evoke: Wand              |       |     6 |       |    17 ||    23
  Use: Potion            |     1 |       |     2 |     7 ||    10
       Scroll            |       |     9 |     5 |     4 ||    18
 Stab: Distracted        |       |       |       |     4 ||     4
  Eat: Chunk             |     1 |     8 |    12 |     9 ||    30
       Bread ration      |       |       |     2 |     4 ||     6
Armor: Scale mail        |    20 |       |       |       ||    20
       Chain mail        |    57 |    95 |   123 |    26 ||   301
       Plate armour      |       |       |       |   151 ||   151
Dodge: Dodged            |    33 |    24 |    47 |    55 ||   159
Block: Shield            |    69 |    81 |   139 |   166 ||   455

Inventory:

Hand Weapons
 a - a +1 war axe (weapon)
 A - a +0 blowgun
   (You took it off a kobold in a sewer)
Missiles
 n - 5 javelins (quivered)
 I - 5 tomahawks
Armour
 w - a +0 pair of gloves (worn)
   (You found it on level 3 of the Dungeon)
 D - a +0 cloak (worn)
   (You took it off Maurice on level 9 of the Dungeon)
 G - a +1 shield (worn)
 H - a +1 plate armour of positive energy (worn)
   (You found it on level 1 of the Lair of Beasts)
 O - a scarf of resistance
   (You found it on level 3 of the Lair of Beasts)
Jewellery
 y - a ring of loudness (left hand) {Stlth-}
   (You found it on level 4 of the Lair of Beasts)
 E - a ring of see invisible (right hand) {sInv}
   (You found it on level 8 of the Dungeon)
 P - an uncursed ring of flight {+Fly}
   (You found it on level 7 of the Dungeon)
Wands
 c - a wand of clouds (1)
   (You found it on level 8 of the Dungeon)
 h - a wand of scattershot (3)
   (You found it on level 10 of the Dungeon)
 v - a wand of acid (8)
   (You found it on level 1 of the Lair of Beasts)
 F - a wand of flame (33)
   (You found it on level 2 of the Dungeon)
 R - a wand of random effects (11)
   (You found it on level 3 of the Lair of Beasts)
 S - a wand of enslavement (7)
   (You found it on level 3 of the Lair of Beasts)
Scrolls
 b - 3 scrolls of immolation {unknown}
 l - a scroll of silence {unknown}
 o - 2 scrolls of enchant weapon
 r - a scroll of identify
 t - 8 scrolls of teleportation {!r}
 u - 2 scrolls of remove curse
 x - a scroll of amnesia
 z - a scroll of fear {unknown}
 B - 2 scrolls of noise {unknown}
 C - 2 scrolls of random uselessness {unknown}
 J - a scroll of brand weapon {unknown}
 L - a scroll of acquirement {unknown}
 N - a scroll of vulnerability {unknown}
Potions
 d - a potion of might
 f - 4 potions of agility
 i - a potion of degeneration {unknown}
 j - 13 potions of curing
 k - a potion of mutation {unknown}
 p - 5 potions of flight
 q - 6 potions of heal wounds
 s - 2 potions of lignification {unknown}
 K - a potion of ambrosia {unknown}
 M - 2 potions of invisibility {unknown}
 Q - a potion of cancellation {unknown}
Comestibles
 e - 3 bread rations
 g - 14 meat rations
 m - 9 royal jellies
 T - 4 chunks of flesh

Dungeon Overview and Level Annotations

Branches:
Dungeon (11/15)            Temple (1/1) D:6            Lair (4/6) D:8
  Swamp (0/4) Lair:4        Snake (0/4) Lair:2          Orc (2/2) D:9
    Elf: Orc:2

Altars:
Ashenzari
Cheibriados
Dithmenos
Elyvilon
Fedhas
Gozag
Hepliaklqana
Kikubaaqudgha
Makhleb
Nemelex Xobeh
Okawaru
Qazlal
Ru
Sif Muna
Trog
Uskayaw
Vehumet
Wu Jian
Xom
Yredelemnul
Zin
The Shining One

Shops:
D:6 [   D:10 %   Orc:2 (

Annotations:
Lair:2 exclusion: oklob plant


You were on level 4 of the Lair of Beasts.
You worshipped Hepliaklqana.
Hepliaklqana was greatly pleased with you.
You were not hungry.

You visited 4 branches of the dungeon, and saw 18 of its levels.
You also visited: Sewer and Ossuary.

You collected 1304 gold pieces.


Message History

You start resting.
Something hits your white imp.
You start resting.
Your white imp gestures at the blink frog.
The puff of frost hits the blink frog.
The blink frog hits your white imp.
The blink frog blinks!
The blink frog barely misses something.
The blink frog blinks!
Your white imp disappears in a puff of smoke!
You start resting.
Aim: a blink frog (moderately wounded)
You throw a javelin. The javelin hits the blink frog!
Yoba barely misses the blink frog.
The blink frog barely misses you.
Yoba closely misses the blink frog.
The blink frog blinks!
Aim: a blink frog (heavily wounded)
You throw a javelin. The javelin misses the blink frog.
You slash the blink frog! You headbutt the blink frog.
You kill the blink frog!
You start resting.
You are feeling hungry.
You regained 22 hp, and now have 49/90 hp.
MP restored: 16 You start resting.
Health restored: 90
n - 3 javelins (gained 1)
You see here a yak skeleton.
n - 4 javelins (gained 1)
Found a chain mail.
You are feeling very hungry.
You see here a chain mail.
Key pressed, stopping explore.
You swap places.
n - 5 javelins (gained 1)
You see here 16 stones.
Key pressed, stopping explore.
Found 3 fruits.
You see here 3 fruits.
S - a wand of enslavement (7)
You swap places.
You see here 3 fruits.
You swap places.
You swap places.
You are near starving!
You swap places.
Key pressed, stopping explore.
You swap places.
You swap places.
You swap places.
Key pressed, stopping explore.
Done exploring.
Done exploring.
Done exploring.
Done exploring.
Done exploring.
Done exploring.
There is a stone staircase leading down here.
You eat one of the 4 bread rations.
That bread ration really hit the spot!
You climb downwards.
You feel an oppressive heat about you.
There is an entrance to a volcano on this level.
Hurry and find it before the entrance collapses!
A bullfrog comes into view.
The bullfrog gives a loud, deep croak!
Found a great sword.
There is a stone staircase leading up here.
Unknown command.
Unknown command.
Really read
y - a scroll of magic mapping {!r}?
As you read the scroll of magic mapping {!r}, it crumbles to dust.
You feel aware of your surroundings.
You sensed 1 shop/portal.
Unknown command.
Unknown command.
Unknown command.
A bullfrog is nearby!
You closely miss the bullfrog. You kick the bullfrog!
You block the bullfrog's attack.
You slash the bullfrog!
You kill the bullfrog!
Health restored: 91 No target in view!
No target in view!
You butcher the bullfrog corpse.
T - 4 chunks of flesh You see here a bullfrog skeleton. x2
Found a box of beasts.
Found a stone staircase leading down.
Unknown command.
Unknown command.
Found a crystal ball of energy.
Found a stone staircase leading down.
y - a pearl ring Put on which piece of jewellery? (? for menu, Esc to quit)
You're wearing all the rings you can.
Remove which one? (? for menu, Esc to cancel) < or
P - a ring of flight {+Fly}; > or
E - a ring of see invisible {sInv} You remove your ring of flight {+Fly}.
Oops, that ring feels deathly cold.
y - a cursed ring of loudness (left hand)
As you read the scroll of remove curse, it crumbles to dust.
You feel as if something is helping you.
Unknown command.
Unknown command.
Okay, then.
Unknown command.
You pace your travel speed to your slowest ally.

,,,,,,,,,,,,*#.....##...#........
,,,,,,,,,,,,*#.....#.....#.......
,,,,,,***.***#.....+............#
,,,,,,,,,..###......#...##.....##
,,,,,,,,,..........P###.##.....#*
,,,,,,,,,....../...####.#..รท...##
,,,,,,,,,...................)....
,,,,,,,,,.......R>}..............
,,,,,,,,,.......@..........<.....
,,,,,,,,,........................
,,,,,,,,,........................
*,,*,,**,##.##..##....###.......#
,,,,*****,##*#..**....#*#......##
,,,,,,,,,,,,*...**#...#*.......#*
*,,,,,,,,,,,.#..,**...###.......*
*,,,+,,,,,,.##..,,*...#,#......##
*,,**,***,,,*,,,,**<,,,,,,,,,,,,*


You could see the friendly Yoba the knight.

Notes
Turn   | Place    | Note
-------+----------+-------------------------------------------
     0 | D:1      | theanonym the Demonspawn Fighter began the quest for the Orb.
     0 | D:1      | Reached XP level 1. HP: 18/18 MP: 1/1
    27 | D:1      | Reached skill level 2 in Axes
   236 | D:1      | Gained mutation: When hurt, damage is shared between your health and your magic reserves. [demonic ancestry]
   236 | D:1      | Reached XP level 2. HP: 23/24 MP: 2/2
   777 | D:2      | Gained mutation: You have a pair of small horns on your head. [demonic ancestry]
   777 | D:2      | Reached XP level 3. HP: 27/29 MP: 3/3
   836 | D:1      | Reached skill level 3 in Axes
  1311 | D:2      | HP: 15/30 [gnoll/spear of freezing (1)]
  1312 | D:2      | Reached XP level 4. HP: 17/37 MP: 1/4
  1473 | D:2      | Found an iron altar of Okawaru.
  1775 | D:3      | Reached skill level 4 in Fighting
  2335 | D:3      | Found a deep blue altar of Sif Muna.
  2336 | D:3      | Found a shimmering altar of Xom.
  2640 | D:4      | Found a shadowy altar of Dithmenos.
  2664 | D:4      | Reached skill level 4 in Axes
  2664 | D:4      | Gained mutation: You have large cloven feet. [demonic ancestry]
  2664 | D:4      | Reached XP level 5. HP: 42/42 MP: 5/5
  2691 | D:4      | Found a glowing drain.
  2717 | D:4      | Found a sacrificial altar of Ru.
  2733 | Sewer    | Entered a sewer
  2984 | Sewer    | Reached skill level 5 in Axes
  2984 | Sewer    | Gained mutation: You have a pair of horns on your head. [demonic ancestry]
  2984 | Sewer    | Reached XP level 6. HP: 42/49 MP: 2/6
  3470 | D:4      | Noticed Edmund
  3477 | D:4      | Noticed Pikel
  3481 | D:4      | Noticed a slave
  3481 | D:4      | Killed Edmund
  3481 | D:4      | Reached skill level 5 in Fighting
  3482 | D:4      | Noticed a slave
  3486 | D:4      | Killed Pikel
  3486 | D:4      | Reached skill level 6 in Fighting
  3486 | D:4      | Reached skill level 7 in Axes
  3486 | D:4      | Gained mutation: A weak demonic guardian rushes to your aid. [demonic ancestry]
  3486 | D:4      | Reached XP level 7. HP: 47/58 MP: 7/7
  3695 | D:4      | Noticed Eustachio
  3815 | D:4      | Killed Eustachio
  3815 | D:4      | Gained mutation: You have sharp fingernails. [demonic ancestry]
  3815 | D:4      | Reached XP level 8. HP: 59/64 MP: 6/8
  4044 | D:5      | Entered Level 5 of the Dungeon
  4441 | D:5      | Reached skill level 8 in Axes
  4840 | D:6      | Found Xurof's Antique Armour Boutique.
  4853 | D:6      | Reached skill level 7 in Fighting
  4998 | D:6      | Found a blossoming altar of Fedhas.
  5051 | D:6      | Found a staircase to the Ecumenical Temple.
  5086 | Temple   | Entered the Ecumenical Temple
  5295 | Temple   | Became a worshipper of Hepliaklqana the Forgotten
  5711 | D:7      | Reached skill level 9 in Axes
  5711 | D:7      | Gained mutation: You have hoof-like feet. [demonic ancestry]
  5711 | D:7      | Reached XP level 9. HP: 63/64 MP: 9/9
  5737 | D:7      | Found a sand-covered staircase.
  5747 | Ossuary  | Entered an ossuary
  5883 | D:7      | Found a bloodstained altar of Trog.
  5929 | D:7      | Found a stormy altar of Qazlal.
  6040 | D:7      | Found a radiant altar of Vehumet.
  6042 | D:7      | Reached * piety under Hepliaklqana
  6249 | D:7      | Found an ornate altar of the Wu Jian Council.
  6366 | D:7      | You fall through a shaft for 3 floors!
  6366 | D:10     | Entered Level 10 of the Dungeon
  6410 | D:9      | Reached skill level 8 in Fighting
  6494 | D:8      | Reached skill level 10 in Axes
  6513 | D:8      | HP: 33/67 [poisoned by a killer bee]
  6519 | D:8      | HP: 32/67 [poisoned by a killer bee]
  6526 | D:7      | HP: 32/67 [poisoned by a killer bee]
  7142 | D:8      | Found an opulent altar of Gozag.
  7225 | D:8      | Reached ** piety under Hepliaklqana
  7226 | D:8      | Remembered your ancestor Yoba as a knight
  7469 | D:8      | Found a staircase to the Lair.
  7633 | D:9      | Noticed Maurice
  7649 | D:9      | Killed Maurice
  7649 | D:9      | Reached skill level 9 in Fighting
  7649 | D:9      | Gained mutation: You regenerate magic rapidly. [demonic ancestry]
  7649 | D:9      | Reached XP level 10. HP: 54/74 MP: 8/10
  7659 | D:9      | Reached skill level 11 in Axes
  7669 | D:9      | HP: 37/74 [poisoned by a killer bee]
  7675 | D:9      | HP: 34/74 [killer bee (4)]
  7682 | D:9      | HP: 31/74 [poisoned by a killer bee]
  7690 | D:9      | HP: 31/74 [poisoned by a killer bee]
  7857 | D:9      | Noticed Grum
  7865 | D:9      | Killed Grum
  8196 | D:9      | Found an ancient bone altar of Kikubaaqudgha.
  8207 | D:9      | Found a hide-covered altar of Uskayaw.
  8474 | D:9      | Noticed Joseph
  8487 | D:9      | Killed Joseph
  8618 | D:9      | Noticed a two-headed ogre
  8622 | D:9      | Noticed an anaconda
  8622 | D:9      | a two-headed ogre changed into an anaconda
  8629 | D:9      | HP: 35/74 [anaconda (11)]
  8630 | D:9      | Killed an anaconda
  8630 | D:9      | Reached skill level 12 in Axes
  8867 | D:9      | Found a staircase to the Orcish Mines.
  9093 | Orc:1    | Entered Level 1 of the Orcish Mines
  9146 | Orc:1    | Reached skill level 10 in Fighting
  9279 | Orc:2    | Entered Level 2 of the Orcish Mines
  9279 | Orc:2    | Found Kamonack's Antique Weapon Shoppe.
  9279 | Orc:2    | Noticed an orc sorcerer
  9590 | D:10     | HP: 37/76 [killer bee (2)]
  9595 | D:10     | HP: 33/76 [poisoned by a killer bee]
  9600 | D:10     | HP: 30/76 [poisoned by a killer bee]
  9606 | D:10     | HP: 29/76 [poisoned by a killer bee]
  9612 | D:10     | HP: 28/76 [poisoned by a killer bee]
  9620 | D:10     | HP: 28/76 [poisoned by a killer bee]
  9778 | D:10     | Noticed Salmacis's ghost (journeyman FoFi)
  9789 | D:10     | HP: 20/76 [Salmacis's ghost (19)]
  9803 | D:10     | Found Umua's Food Boutique.
 10065 | D:10     | Gained mutation: You have hooves in place of feet. [demonic ancestry]
 10065 | D:10     | Reached XP level 11. HP: 74/82 MP: 9/11
 10137 | D:10     | Noticed a two-headed hydra
 10141 | D:10     | Killed a two-headed hydra
 10210 | D:10     | Reached *** piety under Hepliaklqana
 10294 | D:10     | HP: 20/82 [Salmacis's ghost (23)]
 10301 | D:10     | HP: 22/82 [Salmacis's ghost (13)]
 10303 | D:10     | Killed Salmacis's ghost
 10303 | D:10     | Reached skill level 13 in Axes
 10959 | D:11     | Noticed a two-headed ogre
 10961 | D:11     | a two-headed ogre changed into a merfolk
 10968 | D:11     | Reached skill level 1 in Invocations
 10998 | D:11     | HP: 36/82 [gargoyle/flail (15)]
 11005 | D:11     | HP: 26/82 [gargoyle/stone arrow (12)]
 11312 | Lair:1   | Entered Level 1 of the Lair of Beasts
 11338 | Lair:1   | Noticed an eight-headed hydra
 11343 | Lair:1   | Killed an 11-headed hydra
 11343 | Lair:1   | Reached skill level 2 in Invocations
 11516 | Lair:1   | Reached skill level 11 in Fighting
 11531 | Lair:1   | HP: 38/83 [blink frog (7)]
 11536 | Lair:1   | Reached skill level 3 in Invocations
 11846 | Lair:1   | You fall through a shaft!
 11888 | Lair:2   | HP: 41/83 [poisoned by a spiny frog]
 11893 | Lair:2   | HP: 21/83 [poisoned by a naga (splash of poison)]
 11898 | Lair:2   | HP: 16/83 [poisoned by a naga (splash of poison)]
 11903 | Lair:2   | HP: 12/83 [poisoned by a naga (splash of poison)]
 11909 | Lair:2   | HP: 9/83 [poisoned by a naga (splash of poison)]
 11915 | Lair:2   | HP: 8/83 [poisoned by a naga (splash of poison)]
 11923 | Lair:2   | HP: 8/83 [poisoned by a naga (splash of poison)]
 11931 | Lair:2   | HP: 7/83 [poisoned by a naga (splash of poison)]
 12296 | Lair:2   | Found a staircase to the Snake Pit.
 12349 | Lair:2   | Reached skill level 4 in Invocations
 12548 | Lair:2   | Noticed an eight-headed hydra
 12549 | Lair:2   | Noticed a fire dragon
 12549 | Lair:2   | an eight-headed hydra changed into a fire dragon
 12587 | Lair:2   | HP: 38/83 [fire dragon/blast of flame (11)]
 13193 | Lair:2   | HP: 40/83 [wolf (5)]
 13206 | Lair:2   | Noticed an oklob plant
 13435 | Lair:2   | Reached **** piety under Hepliaklqana
 13588 | Lair:2   | Killed a fire dragon
 13588 | Lair:2   | Reached skill level 5 in Invocations
 13588 | Lair:2   | Reached XP level 12. HP: 58/90 MP: 10/15
 13591 | Lair:2   | Reached skill level 14 in Axes
 14420 | Lair:3   | Found a radiant altar of Vehumet.
 14851 | Lair:3   | HP: 42/90 [yak (5)]
 14854 | Lair:3   | Reached skill level 6 in Invocations
 14863 | Lair:3   | HP: 30/90 [yak (7)]
 14869 | Lair:3   | HP: 21/90 [blink frog (9)]
 15537 | Lair:4   | Quit the game

Vanquished Creatures
  A fire dragon (Lair:2)
  The ghost of Salmacis the Blocker, a journeyman FoFi of Okawaru (D:10)
  2 hydras
  Pikel (D:4)
  4 spiny frogs (Lair:2)
  8 blink frogs
  2 dream sheep (D:10)
  10 yaks
  A wyvern (D:11)
  Eustachio (D:4)
  A basilisk (Lair:2)
  3 hungry ghosts
  2 nagas (Lair:2)
  3 water moccasins
  Edmund (D:4)
  3 ice beasts
  4 orc warriors (D:9)
  A sky beast (D:7)
  6 wolves
  2 ogres
  2 crocodiles
  4 big kobolds
  6 bullfrogs
  4 scorpions
  22 killer bees
  2 howler monkeys
  A quasit (D:7)
  2 bullfrog zombies
  4 jellies
  A hound (D:5)
  3 bullfrog skeletons
  6 orc priests
  10 orc wizards
  3 iguanas
  3 worker ants
  A big kobold zombie (Ossuary)
  A hound zombie (D:5)
  2 hound skeletons
  2 mummies
  4 gnolls
  8 adders
  3 river rats (Sewer)
  2 shadow imps
  An ooze (Sewer)
  4 adder skeletons
  A worm (D:2)
  2 dart slugs
  5 leopard geckos
  26 orcs
  4 ball pythons (Sewer)
  12 giant cockroaches
  5 hobgoblins
  A jackal (D:11)
  21 kobolds
  2 quokkas
  9 bats
  3 frilled lizards
  3 gnoll zombies (Ossuary)
  6 goblins
  2 goblin zombies (Ossuary)
  5 hobgoblin zombies (Ossuary)
  A leopard gecko skeleton (D:5)
  A leopard gecko zombie (D:8)
  An orc zombie (Ossuary)
  2 quokka skeletons
  29 rats
299 creatures vanquished.

Vanquished Creatures (collateral kills)
  An anaconda (D:9)
  Maurice (D:9)
  Joseph (D:9)
  2 spiny frogs (Lair:2)
  A merfolk (D:11)
  A troll (Orc:1)
  2 blink frogs (Lair:1)
  5 yaks
  Grum (D:9)
  2 basilisks (Lair:3)
  A water moccasin (Lair:2)
  A porcupine (Lair:2)
  An orc warrior (Orc:1)
  3 ogres
  2 wolves
  A crocodile (Lair:2)
  2 big kobolds (D:10)
  2 bullfrogs
  2 scorpions
  6 killer bees
  A howler monkey (D:9)
  A hound (D:7)
  An iguana (D:7)
  3 orc wizards
  A mummy (Ossuary)
  An adder (D:7)
  7 orcs
  A goblin zombie (Ossuary)
  A kobold (D:10)
  An orc zombie (Ossuary)
  A fungus (Lair:2)
57 creatures vanquished.

Vanquished Creatures (others)
  2 knights
  An orc (D:7)
3 creatures vanquished.

Grand Total: 359 creatures vanquished
